 Dungeon Crawl Stone Soup version 0.19.0-19-g8c6edcc (webtiles) character file.

120 Akmetra the Skirmisher (level 5, -3/69 HPs)
             Began as a Hill Orc Fighter on Nov 12, 2016.
             Was a Follower of Nemelex Xobeh.
             Killed by nerve-wracking pain
             ... invoked by Grinder
              (8 damage)
             ... on level 3 of the Dungeon.
             The game lasted 00:09:17 (1858 turns).

Akmetra the Skirmisher (Hill Orc Fighter)           Turns: 1858, Time: 00:09:18

Health: -3/69      AC:  8    Str: 23 (25) XL:     5   Next: 4%
Magic:  5/5        EV:  7    Int:  7 (8)  God:    Nemelex Xobeh [*.....]
Gold:   110        SH:  9    Dex:  7 (10) Spells: 0 memorised, 4 levels left

rFire  . . .     SeeInvis .     a - +0 long sword
rCold  . . .     Gourm    .     b - +1 scale mail
rNeg   . . .     Faith    .     c - +0 shield
rPois  .         Spirit   .     (no helmet)
rElec  .         Reflect  .     (no cloak)
rCorr  .         Harm     .     (no gloves)
MR     .....                    (no boots)
Stlth  ..........               e - amulet of magic regeneration
                                (no ring)
                                (no ring)

@: mighty, berserking (expiring), very slightly contaminated, invisible, very
quick
A: no striking features
a: Renounce Religion


You were on level 3 of the Dungeon.
You worshipped Nemelex Xobeh.
Nemelex Xobeh was aware of your devotion.
You were hungry.

You visited 1 branch of the dungeon, and saw 3 of its levels.

You collected 110 gold pieces.

Inventory:

Hand Weapons
 a - a +0 long sword (weapon)
 o - a cursed -1 whip
Missiles
 s - a throwing net (quivered)
Armour
 b - a +1 scale mail (worn)
 c - a +0 shield (worn)
Jewellery
 e - an amulet of magic regeneration (around neck)
Scrolls
 h - a scroll of remove curse
 m - a scroll of identify
 u - a scroll of amnesia {unknown}
Potions
 l - a potion of brilliance {unknown}
 t - a potion of curing {unknown}
Miscellaneous
 k - a plain deck of destruction {drawn: 4}
Comestibles
 f - 3 bread rations
 g - 2 meat rations
 n - a beef jerky
 q - a royal jelly


   Skills:
 + Level 4.2 Fighting
 * Level 4.0 Long Blades
 + Level 3.8 Armour
 + Level 0.8 Dodging
 + Level 3.8 Shields


You had 4 spell levels left.
You didn't know any spells.

Dungeon Overview and Level Annotations

Branches:
Dungeon (3/15)

Altars:
Nemelex Xobeh

Annotations:
D:3 Grinder


Message History

It was a potion of invisibility.
You fade into invisibility!
Grinder gestures at you.
You barely resist.
You are very lightly contaminated with residual magic.
It was a potion of berserk rage.
A red film seems to cover your vision as you go berserk!
You feel yourself moving faster!
You feel mighty!
Grinder blinks!
You barely miss the orc. You slash the orc!
You kill the orc!
Your Long Blades skill increases to level 4!
You feel a strong urge to attack something.
Grinder hits you but does no damage.
You miss Grinder.
Grinder is heavily wounded.
Grinder gestures at you. Pain shoots through your body!
You die...
Your body disappears without a glow.

.#.# #.# .#.## #.# #..
.#..# #.# # #.# .##.# #.#
#.#.# # #+## .##.# #.#
#.#.###. #...# .##.###.#
..>... #...). ........#
#..## #......
..#.#########...####.......
...............5@..))......
..#.#######.....####.......
.##.# #.....# #...... ###.#
#.....# #..... #.# #.....#
#.<.# #.# ##.#### #+##
###.# #.. ....# #.# .####
.#


You could see Grinder.

Vanquished Creatures
  3 adders
  An ooze (D:1)
  2 worms
  A dart slug (D:1)
  A leopard gecko (D:1)
  3 orcs (D:3)
  A giant cockroach (D:3)
  6 goblins
  7 hobgoblins
  3 jackals (D:3)
  3 quokkas (D:2)
  8 bats
  2 frilled lizards
  4 kobolds
  5 rats
50 creatures vanquished.

Vanquished Creatures (others)
  An orc wizard (D:3)
1 creature vanquished.

Grand Total: 51 creatures vanquished

Notes
Turn   | Place    | Note
-------+----------+-------------------------------------------
     0 | D:1      | Akmetra the Hill Orc Fighter began the quest for the Orb.
     0 | D:1      | Reached XP level 1. HP: 19/19 MP: 1/1
   198 | D:1      | Reached XP level 2. HP: 27/27 MP: 2/2
   225 | D:1      | Found a sparkling altar of Nemelex Xobeh.
   231 | D:1      | Became a worshipper of Nemelex Xobeh the Trickster
   251 | D:1      | Received a gift from Nemelex Xobeh
   550 | D:1      | Reached XP level 3. HP: 33/33 MP: 3/3
  1211 | D:2      | Reached XP level 4. HP: 33/40 MP: 4/4
  1532 | D:3      | Reached * piety under Nemelex Xobeh
  1827 | D:3      | Noticed Grinder
  1839 | D:3      | Reached XP level 5. HP: 31/46 MP: 5/5
  1858 | D:3      | Killed from afar by Grinder

Skill      XL: |  1  2  3  4  5 |
---------------+----------------+-----
Long Blades    | 3 4 |  4.0
Fighting       | 4 |  4.2
Armour         | |  3.8
Dodging        | |  0.8
Shields        | |  3.8

Action                   |  1- 3 |  4- 6 || total
-------------------------+-------+-------++-------
Melee: Long sword        |   130 |    70 ||   200
Evoke: Deck              |       |     4 ||     4
  Use: Scroll            |     2 |     2 ||     4
       Potion            |       |     4 ||     4
  Eat: Chunk             |     1 |     2 ||     3
Armor: Scale mail        |    78 |    25 ||   103
Dodge: Dodged            |    57 |    28 ||    85
Block: Shield            |    84 |    30 ||   114
       Rpst.: Long sword |    30 |     7 ||    37
